PA
MANCELONA TORCH @ PUT-IN-BAY BC
08/17/2034
 
TOP OF THE 1ST
Mancelona Torch batting - Pitching for Put-In-Bay BC : RHP Pedro Lucero
Pitching: RHP Pedro Lucero
Batting: LHB Charles Godard 0-0: Ground out 4-3 (Groundball, 4D)
Batting: LHB Ed Holte 0-0: Ball
1-0: Ball
2-0: Ground out 5-3 (Groundball, 5L)
Batting: LHB Basava Puri 0-0: Ball
1-0: Called Strike
1-1: Called Strike
1-2: SINGLE (Groundball, 34D)
Batting: SHB Arend van der Veen 0-0: Ball
1-0: Ball
Wild Pitch!
Basava Puri to second
2-0: Foul Ball, location: 2F
2-1: Called Strike
2-2: Strikes out looking
Top of the 1st over - 0 runs, 1 hit, 0 errors, 1 left on base; Mancelona 0 - Put-In-Bay 0
BOTTOM OF THE 1ST
Put-In-Bay BC batting - Pitching for Mancelona Torch : LHP Jong-yong Ha
Pitching: LHP Jong-yong Ha
Batting: RHB Álex Maroto 0-0: Ball
1-0: Ball
2-0: Foul Ball, location: 2F
2-1: Ball
3-1: Called Strike
3-2: Foul Ball, location: 2F
3-2: Fly out, F7 (Flyball, 7D)
Batting: RHB Hyun-hi Choung 0-0: Called Strike
0-1: Ball
1-1: Fly out, F8 (Flyball, 8LD)
Batting: SHB Yushua Harith 0-0: Ball
1-0: Called Strike
1-1: Ball
2-1: Ground out 5-3 (Groundball, 5S)
Bottom of the 1st over - 0 runs, 0 hits, 0 errors, 0 left on base; Mancelona 0 - Put-In-Bay 0
TOP OF THE 2ND
Mancelona Torch batting - Pitching for Put-In-Bay BC : RHP Pedro Lucero
Batting: LHB Duncan Witteman 0-0: Foul Ball, location: 2F
0-1: Ball
1-1: Foul Ball, location: 2F
1-2: Fly out, F8 (Flyball, 8RS)
Batting: RHB Magtanggol Florencio 0-0: Called Strike
0-1: Ball
1-1: SINGLE (Line Drive, 7S)
Batting: RHB Marty Aspen 0-0: Ball
1-0: Swinging Strike
1-1: Called Strike
1-2: Foul Ball, location: 2F
1-2: Strikes out swinging
Magtanggol Florencio steals 2nd base
Batter strikes out.
Batting: RHB Hjalmar Bisseling 0-0: Ball
1-0: Ball
2-0: Called Strike
2-1: Foul Ball, location: 2F
2-2: Strikes out swinging
Top of the 2nd over - 0 runs, 1 hit, 0 errors, 1 left on base; Mancelona 0 - Put-In-Bay 0
BOTTOM OF THE 2ND
Put-In-Bay BC batting - Pitching for Mancelona Torch : LHP Jong-yong Ha
Batting: LHB Louie Shufflebotham 0-0: Foul Ball, location: 2F
0-1: Ball
1-1: DOUBLE (Line Drive, 9D)
Batting: RHB Roberto Reyes 0-0: Foul Ball, location: 2F
0-1: Fly out, F8 (Flyball, 8RS)
Batting: RHB Scott Bray 0-0: Ball
1-0: Ball
2-0: Ground out 5-3 (Groundball, 56S)
Louie Shufflebotham to third
Batting: RHB Matous Sicak 0-0: Called Strike
0-1: Ball
1-1: Foul Ball, location: 2F
1-2: Strikes out swinging
Bottom of the 2nd over - 0 runs, 1 hit, 0 errors, 1 left on base; Mancelona 0 - Put-In-Bay 0
TOP OF THE 3RD
Mancelona Torch batting - Pitching for Put-In-Bay BC : RHP Pedro Lucero
Batting: SHB Carlos Morales 0-0: Ball
1-0: Called Strike
1-1: Ground out 5-3 (Groundball, 56)
Batting: LHB Charles Godard 0-0: Ground out 4-3 (Groundball, 4M)
Batting: LHB Ed Holte 0-0: Ball
1-0: Called Strike
1-1: Ball
2-1: Ball
3-1: Base on Balls
Batting: LHB Basava Puri 0-0: Ball
Ed Holte steals 2nd base
1-0: Ball
2-0: Ball
3-0: Base on Balls
Batting: SHB Arend van der Veen 0-0: Ball
1-0: Called Strike
1-1: Foul Ball, location: 2F
1-2: Ball
2-2: Ball
3-2: Strikes out looking
Top of the 3rd over - 0 runs, 0 hits, 0 errors, 2 left on base; Mancelona 0 - Put-In-Bay 0
BOTTOM OF THE 3RD
Put-In-Bay BC batting - Pitching for Mancelona Torch : LHP Jong-yong Ha
Batting: RHB Tex Quesada 0-0: Foul Ball, location: 2F
0-1: Ball
1-1: Called Strike
1-2: Strikes out looking
Batting: LHB Ids Ulderink 0-0: Called Strike
0-1: Ball
1-1: Ball
2-1: Fly out, F8 (Flyball, 8RD)
Batting: RHB Álex Maroto 0-0: Ball
1-0: Ball
2-0: Ball
3-0: Called Strike
3-1: DOUBLE (Flyball, 7LD)
Batting: RHB Hyun-hi Choung 0-0: Ball
Passed Ball!
Álex Maroto to third
1-0: Swinging Strike
1-1: Ball
2-1: Ball
3-1: Base on Balls
Batting: SHB Yushua Harith 0-0: Ball
1-0: DOUBLE (Flyball, 78D)
Álex Maroto scores
Hyun-hi Choung to third
Batting: LHB Louie Shufflebotham 0-0: Foul Ball, location: 2F
0-1: Ground out 4-3 (Groundball, 4)
Bottom of the 3rd over - 1 run, 2 hits, 0 errors, 2 left on base; Mancelona 0 - Put-In-Bay 1
TOP OF THE 4TH
Mancelona Torch batting - Pitching for Put-In-Bay BC : RHP Pedro Lucero
Batting: LHB Duncan Witteman 0-0: Ball
1-0: Ball
2-0: Called Strike
2-1: Foul Ball, location: 2F
2-2: Ground out 4-3 (Groundball, 4)
Batting: RHB Magtanggol Florencio 0-0: Called Strike
0-1: Called Strike
0-2: Foul Ball, location: 2F
0-2: Ball
1-2: Ground out 4-3 (Groundball, 4)
Batting: RHB Marty Aspen 0-0: Called Strike
0-1: Swinging Strike
0-2: Strikes out swinging
Top of the 4th over - 0 runs, 0 hits, 0 errors, 0 left on base; Mancelona 0 - Put-In-Bay 1
BOTTOM OF THE 4TH
Put-In-Bay BC batting - Pitching for Mancelona Torch : LHP Jong-yong Ha
Batting: RHB Roberto Reyes 0-0: Ground out 5-3 (Groundball, 56)
Batting: RHB Scott Bray 0-0: Ball
1-0: Foul Ball, location: 2F
1-1: Ball
2-1: Foul Ball, location: 2F
2-2: Foul Ball, location: 2F
2-2: Ball
3-2: Foul Ball, location: 2F
3-2: Base on Balls
Batting: RHB Matous Sicak 0-0: Ball
1-0: Called Strike
1-1: Ball
2-1: Fly out, F8 (Line Drive, 78M)
Batting: RHB Tex Quesada 0-0: Foul Ball, location: 2F
0-1: Foul Ball, location: 2F
0-2: Ball
1-2: Foul Ball, location: 2F
1-2: Ball
2-2: Strikes out swinging
Bottom of the 4th over - 0 runs, 0 hits, 0 errors, 1 left on base; Mancelona 0 - Put-In-Bay 1
TOP OF THE 5TH
Mancelona Torch batting - Pitching for Put-In-Bay BC : RHP Pedro Lucero
Batting: RHB Hjalmar Bisseling 0-0: Ball
1-0: Called Strike
1-1: Fly out, F8 (Flyball, 8LXD)
Batting: SHB Carlos Morales 0-0: Called Strike
0-1: Ball
1-1: Foul Ball, location: 2F
1-2: Ball
2-2: Ball
3-2: Strikes out looking
Batting: LHB Charles Godard 0-0: Reached on error, E4 (Groundball, 4M)
Batting: LHB Ed Holte 0-0: Ball
1-0: Called Strike
1-1: Ball
2-1: Swinging Strike
2-2: SINGLE (Groundball, 6MD)
Charles Godard to second
Batting: LHB Basava Puri 0-0: Foul Ball, location: 2F
0-1: Ball
1-1: Ball
2-1: Ball
3-1: Base on Balls
Charles Godard to third
Ed Holte to second
Batting: SHB Arend van der Veen 0-0: Fielders Choice at 2nd, 6-4 (Groundball, 6)
Top of the 5th over - 0 runs, 1 hit, 1 error, 3 left on base; Mancelona 0 - Put-In-Bay 1
BOTTOM OF THE 5TH
Put-In-Bay BC batting - Pitching for Mancelona Torch : LHP Jong-yong Ha
Batting: LHB Ids Ulderink 0-0: Called Strike
0-1: Called Strike
0-2: Ball
1-2: Ball
2-2: Strikes out swinging, 2-3 out at first.
Batting: RHB Álex Maroto 0-0: Ball
1-0: Ball
2-0: Foul Ball, location: 2F
2-1: Foul Ball, location: 2F
2-2: Strikes out swinging
Batting: RHB Hyun-hi Choung 0-0: Ball
1-0: Called Strike
1-1: Foul Ball, location: 2F
1-2: Foul Ball, location: 2F
1-2: Foul Ball, location: 2F
1-2: Ball
2-2: SINGLE (Groundball, 56D)
Pitching: LHP Raúl Hinojosa
Batting: SHB Yushua Harith 0-0: Ball
1-0: Ball
Hyun-hi Choung steals 2nd base
2-0: Ball
3-0: Called Strike
3-1: Foul Ball, location: 2F
3-2: Base on Balls
Batting: LHB Louie Shufflebotham 0-0: Swinging Strike
0-1: Ball
1-1: Foul Ball, location: 2F
1-2: Ball
2-2: Strikes out swinging
Bottom of the 5th over - 0 runs, 1 hit, 0 errors, 2 left on base; Mancelona 0 - Put-In-Bay 1
TOP OF THE 6TH
Mancelona Torch batting - Pitching for Put-In-Bay BC : RHP Pedro Lucero
Batting: LHB Duncan Witteman 0-0: Called Strike
0-1: Swinging Strike
0-2: Foul Ball, location: 2F
0-2: Fly out, F7 (Flyball, 7D)
Batting: RHB Magtanggol Florencio 0-0: SINGLE (Groundball, 3S) (infield hit)
Batting: RHB Marty Aspen 0-0: Called Strike
0-1: Ball
1-1: Foul Ball, location: 2F
1-2: Strikes out looking
Batting: RHB Hjalmar Bisseling 0-0: Ball
1-0: Ball
Magtanggol Florencio steals 2nd base
2-0: Called Strike
2-1: Swinging Strike
2-2: Ball
3-2: Strikes out swinging
Top of the 6th over - 0 runs, 1 hit, 0 errors, 1 left on base; Mancelona 0 - Put-In-Bay 1
BOTTOM OF THE 6TH
Put-In-Bay BC batting - Pitching for Mancelona Torch : LHP Raúl Hinojosa
Batting: RHB Roberto Reyes 0-0: SINGLE (Groundball, 56D)
Batting: RHB Scott Bray 0-0: Sac Bunt - play at first, batter OUT! 1-4
Roberto Reyes to second
Batting: RHB Matous Sicak 0-0: Ball
1-0: Called Strike
1-1: Called Strike
1-2: Fly out, F8 (Flyball, 8LD)
Batting: RHB Tex Quesada 0-0: Called Strike
0-1: Swinging Strike
0-2: Ball
1-2: Ball
2-2: Ball
3-2: Base on Balls
Batting: LHB Ids Ulderink 0-0: Ball
1-0: Ground out 6-3 (Groundball, 6S)
Bottom of the 6th over - 0 runs, 1 hit, 0 errors, 2 left on base; Mancelona 0 - Put-In-Bay 1
TOP OF THE 7TH
Mancelona Torch batting - Pitching for Put-In-Bay BC : RHP Pedro Lucero
Batting: SHB Carlos Morales 0-0: Ball
1-0: Foul Ball, location: 2F
1-1: Ball
2-1: Called Strike
2-2: Ground out 4-3 (Groundball, 4)
Batting: LHB Charles Godard 0-0: Ball
1-0: Ball
2-0: Ball
3-0: SINGLE (Line Drive, 4MD)
Batting: LHB Ed Holte 0-0: Ball
1-0: Foul Ball, location: 2F
1-1: Called Strike
1-2: Grounds into double play, 6-4-3 (Groundball, 6)
Top of the 7th over - 0 runs, 1 hit, 0 errors, 0 left on base; Mancelona 0 - Put-In-Bay 1
BOTTOM OF THE 7TH
Put-In-Bay BC batting - Pitching for Mancelona Torch : LHP Raúl Hinojosa
Batting: RHB Álex Maroto 0-0: Ball
1-0: Ball
2-0: Ball
3-0: Base on Balls
Pinch Hitting: RHB Dean Bush 0-0: Bunted foul
0-1: Ball
1-1: Sac Bunt - play at first, batter OUT! 1-4
Álex Maroto to second
Batting: SHB Yushua Harith 0-0: Intentional Walk
Batting: LHB Louie Shufflebotham 0-0: Ball
1-0: Foul Ball, location: 2F
1-1: Foul Ball, location: 2F
1-2: Strikes out swinging
Batting: RHB Roberto Reyes 0-0: Called Strike
0-1: Ball
1-1: Ball
2-1: Called Strike
2-2: Fly out, F2 (Popup, 2RF)
Bottom of the 7th over - 0 runs, 0 hits, 0 errors, 2 left on base; Mancelona 0 - Put-In-Bay 1
TOP OF THE 8TH
Mancelona Torch batting - Pitching for Put-In-Bay BC : RHP Pedro Lucero
Now in LF: Dean Bush
Batting: LHB Basava Puri 0-0: Ball
1-0: Foul Ball, location: 2F
1-1: Swinging Strike
1-2: Ball
2-2: Ball
3-2: Strikes out swinging
Pitching: LHP Jack Ortíz
Batting: SHB Arend van der Veen 0-0: Called Strike
0-1: Foul Ball, location: 2F
0-2: Ball
1-2: Ball
2-2: Foul Ball, location: 2F
2-2: Ball
3-2: Strikes out swinging
Batting: LHB Duncan Witteman 0-0: Foul Ball, location: 2F
0-1: Swinging Strike
0-2: Strikes out swinging
Top of the 8th over - 0 runs, 0 hits, 0 errors, 0 left on base; Mancelona 0 - Put-In-Bay 1
BOTTOM OF THE 8TH
Put-In-Bay BC batting - Pitching for Mancelona Torch : LHP Raúl Hinojosa
Batting: RHB Scott Bray 0-0: Foul Ball, location: 2F
0-1: Ball
1-1: Ground out 5-3 (Groundball, 56)
Batting: RHB Matous Sicak 0-0: Ball
1-0: Called Strike
1-1: Ground out 6-3 (Groundball, 6)
Batting: RHB Tex Quesada 0-0: Called Strike
0-1: Ball
1-1: Ball
2-1: Foul Ball, location: 2F
2-2: Ball
3-2: Strikes out swinging, 2-3 out at first.
Bottom of the 8th over - 0 runs, 0 hits, 0 errors, 0 left on base; Mancelona 0 - Put-In-Bay 1
TOP OF THE 9TH
Mancelona Torch batting - Pitching for Put-In-Bay BC : LHP Jack Ortíz
Batting: RHB Magtanggol Florencio 0-0: Fly out, F6 (Popup, 4MD)
Batting: RHB Marty Aspen 0-0: Called Strike
0-1: Ball
1-1: Ball
2-1: Ball
3-1: Base on Balls
Batting: RHB Hjalmar Bisseling 0-0: Ball
1-0: Ball
2-0: Fly out, F4 (Line Drive, 4M)
Batting: SHB Carlos Morales 0-0: Ball
1-0: Swinging Strike
1-1: Fly out, F9 (Flyball, 9LSF)
Top of the 9th over - 0 runs, 0 hits, 0 errors, 1 left on base; Mancelona 0 - Put-In-Bay 1
Friday, March 29th, 2019 - OOTP Baseball 18.8 Build 76